 Dungeon Crawl Stone Soup version 0.28.0-62-gf88900778d (webtiles) character file.

Game seed: 14768635563881363957

176999 cbfl8 the Severer (level 17, -2/238 HPs)
             Began as a Minotaur Berserker on Nov 5, 2023.
             Was a High Priest of Trog.
             Slain by a ghost moth (3 damage)
             ... on level 3 of the Spider Nest on Nov 11, 2023.
             The game lasted 00:54:07 (41596 turns).

cbfl8 the Severer (Minotaur Berserker)             Turns: 41596, Time: 00:54:08

Health: -2/238     AC: 25    Str: 30 (32) XL:     17   Next: 52%
Magic:  0/16       EV: 10    Int:  3 (4)  God:    Trog [*****.]
Gold:   2659       SH: 23    Dex: 19      Spells: 16/16 levels left

rFire   + . .      SeeInvis .   o - +4 broad axe (flame)
rCold   + . .      Faith    .   t - +3 kite shield {AC+3}
rNeg    + . .      Spirit   .   M - +1 storm dragon scales
rPois   +          Reflect  +   G - -2 hat of the Alchemist {rElec rPois rF+ rC+ rN+ Will+ rMut rCorr}
rElec   +          Harm     .   (no cloak)
rCorr   +          Rampage  .   E - +2 pair of gloves {Str+3}
rMut    +                       (no boots)
Will    ++...                   n - amulet of reflection
Stlth   ..........              F - +4 ring of slaying
HPRegen 0.49/turn               b - +6 ring of strength
MPRegen 0.15/turn

@: berserking, studying Staves, very quick
A: horns 2, retaliatory headbutt, iridescent scales 1, agile 1
a: Renounce Religion, Berserk, Trog's Hand, Brothers in Arms


You were on level 3 of the Spider Nest.
You worshipped Trog.
Trog was extremely pleased with you.
You visited 5 branches of the dungeon, and saw 31 of its levels.
You visited the Abyss 1 time.
You also visited: Bailey and Ice Cave.

You collected 3367 gold pieces.
You spent 708 gold pieces at shops.

Inventory:

Hand Weapons
 k - the +10 war axe "Death Rattle" {speed, +Blink Int+2}
   (You acquired it on level 13 of the Dungeon)

   Attacks with this weapon are significantly faster.
   Int:       It affects your intelligence (+2).
   +Blink:    It lets you blink.
 o - a +4 broad axe of flaming (weapon)
 P - a +0 antimagic broad axe
Missiles
 a - 5 silver javelins
 C - 2 throwing nets
Armour
 t - a +3 kite shield of protection (worn)
 E - a +2 pair of gloves of strength (worn)
 G - the -2 hat of the Alchemist (worn) {rElec rPois rF+ rC+ rN+ Will+ rMut rCorr}
   (You bought it in a shop on level 2 of the Orcish Mines)

   rF:        It protects you from fire.
   rC:        It protects you from cold.
   rElec:     It insulates you from electricity.
   rPois:     It protects you from poison.
   rN:        It protects you from negative energy.
   rCorr:     It protects you from acid and corrosion.
   rMut:      It protects you from mutation.
   Will:      It increases your willpower.
 M - +1 storm dragon scales (worn)
Jewellery
 b - a +6 ring of strength (right hand)
 n - an amulet of reflection (around neck)
 F - a +4 ring of slaying (left hand)
Wands
 d - a wand of flame (60)
 p - a wand of paralysis (5) (quivered)
 s - a wand of polymorph (31)
 A - a wand of iceblast (12)
 I - a wand of charming (10)
Scrolls
 f - 5 scrolls of teleportation
 h - 5 scrolls of identify
 i - 6 scrolls of noise
 j - 2 scrolls of enchant armour
 l - a scroll of enchant weapon
 q - 4 scrolls of fear
 x - 3 scrolls of fog
 y - a scroll of magic mapping
 D - 3 scrolls of blinking
 K - 3 scrolls of summoning
 Q - a scroll of silence
Potions
 c - 4 potions of mutation
 e - 2 potions of invisibility
 r - 3 potions of haste
 u - 10 potions of curing
 v - a potion of resistance
 z - 4 potions of might
 B - 3 potions of cancellation
 L - 3 potions of flight
Miscellaneous
 m - a condenser vane
 H - a piece from Xom's chessboard (15/15)
 J - a phial of floods
 N - a lightning rod (4/4)
 O - a box of beasts
 R - a tin of tremorstones (2/2)


   Skills:
 + Level 16.4 Fighting
 - Level 18.3 Axes
 * Level 7.2 Throwing
 * Level 16.7 Armour
 - Level 2.1 Dodging
 + Level 17.3 Shields
 + Level 2.3 Unarmed Combat
 * Level 13.1 Evocations


You had 16 spell levels left.
You didn't know any spells.
Your spell library was empty.

Dungeon Overview and Level Annotations

Branches:
Dungeon (15/15)            Temple (0/1) D:5            Lair (6/6) D:8
  Swamp (4/4) Lair:2       Spider (4/4) Lair:3        Slime (0/5) Lair:5
    Orc (2/2) D:10            Elf (0/3) Orc:2        Vaults (0/5) D:13
 Depths (0/4) D:15         Bailey (visited)           IceCv (visited)

Altars:
Ashenzari
Dithmenos
Fedhas
Gozag
Makhleb
Nemelex Xobeh
Okawaru
Qazlal
Ru
Trog
Uskayaw
Xom
The Shining One
Beogh
Jiyva

Shops:
D:3 =   D:9 *   D:11 :   D:12 (   D:15 *   Orc:2 [[===

Portals:
Trove: D:14 (give +3 gold dragon scales)

Annotations:
Lair:2 2 transporters, tkbsonic5's ghost, journeyman DjFE


Innate Abilities, Weirdness & Mutations

You have a pair of horns on your head.
You reflexively headbutt those who attack you in melee.
You are partially covered in iridescent scales. (AC +2)
You are agile. (Dex +2)


Message History

You block the demonic crawler's attack.
The demonic crawler hits you but does no damage.
The demonic crawler misses you.
You hit the demonic crawler. You burn the demonic crawler.
The demonic crawler is almost dead.
You hit something. You burn something.
You feel you are being watched by something.
You feel your power leaking away. Something hits you.
* * * LOW HITPOINT WARNING * * *
You feel weakened. Something hits you.
* * * LOW HITPOINT WARNING * * *
Something stings you.
* * * LOW HITPOINT WARNING * * *
You feel weakened. You block the demonic crawler's attack.
The demonic crawler barely misses you.
The demonic crawler hits you but does no damage.
A red film seems to cover your vision as you go berserk!
You feel yourself moving faster!
You feel mighty!
You feel you are being watched by something.
You feel your power leaking away. You block something's attack.
Something hits you!
* * * LOW HITPOINT WARNING * * *
You block something's attack.
The demonic crawler shrieks in warning!
You slice the demonic crawler!!
You kill the demonic crawler!
Trog accepts your kill.
You miss something.
Something hits you but does no damage. x2
Something stings you.
* * * LOW HITPOINT WARNING * * *
You slash something! You burn something. You slash something!
You burn something.
You feel you are being watched by something.
You feel your power leaking away. Something hits you!
* * * LOW HITPOINT WARNING * * *
You block something's attack. Something stings you.
You die...

##.......#..^.....##
#........###....###
#.........^###..#
#............#.##
#.............##
#........##.^##
###........##.##
###....^.....#{##
##^.#.........##@##
#..##.......#####^#
#.###....^### ###
..# ##..### .## ####
### ..# ..# .^# #


There were no monsters in sight!

Vanquished Creatures
  Rupert (Orc:2)
  A lich (Abyss:2)
  Jorgrun (Orc:1)
  An acid blob (Spider:1)
  Kirke (Swamp:4)
  Agnes (Spider:1)
  A frost giant (IceCv)
  2 emperor scorpions
  An angel (Abyss:2)
  2 broodmothers
  8 entropy weavers
  5 bunyips
  2 eleionomae (Swamp:3)
  Snorg (Lair:5)
  2 spark wasps
  2 fire dragons (D:15)
  A rakshasa (Abyss:2)
  Erolcha (D:9)
  3 vault guards
  17 hydras
  A merfolk avatar (Lair:6)
  A radroach (Spider:3)
  A jorogumo (Spider:4)
  7 boulder beetles
  4 centaur warriors
  An ogre mage (D:15)
  8 two-headed ogres
  10 death yaks (IceCv)
  8 alligators
  A hell hog (Abyss:2)
  3 orc high priests (Orc:2)
  A tengu warrior (D:14)
  Urug (Lair:2)
  A spriggan berserker (Lair:2)
  A storm dragon zombie (Abyss:2)
  A fire crab (Lair:6)
  5 skeletal warriors (D:12)
  A wretched star (Abyss:2)
  A sun moth (Spider:4)
  2 goliath frogs (Swamp:1)
  5 pharaoh ants
  5 orb spiders
  6 steelbarb worms
  3 swamp dragons
  A bog body (Swamp:3)
  3 spriggan druids
  3 harpies (Lair:6)
  2 lindwurms
  4 orc knights (Orc:2)
  3 wizards
  11 wolf spiders
  3 large abominations (Abyss:2)
  8 ugly things
  4 deep elf pyromancers
  2 cyclopes
  3 orc sorcerers (Orc:2)
  9 manticores
  A slime creature (D:13)
  3 will-o-the-wisps
  3 oklob plants
  Maurice (Orc:2)
  4 elephants
  An ice statue (IceCv)
  2 moths of wrath
  2 torpor snails
  2 black mambas
  10 cane toads
  11 rime drakes
  A hellion (Abyss:2)
  Maggie (D:8)
  5 komodo dragons
  10 demonic crawlers
  A yaktaur (D:15)
  A tengu conjurer (D:15)
  A tormentor (Abyss:2)
  An efreet (D:14)
  2 ancient zymes (Abyss:2)
  A bloated husk (Swamp:4)
  A wind drake (Lair:6)
  5 trolls
  6 tyrant leeches
  8 polar bears
  28 tarantellas
  Grinder (D:5)
  2 snapping turtles (Lair:6)
  5 hornets
  20 blink frogs
  7 meliai
  A harpy skeleton (Abyss:2)
  Prince Ribbit (Bailey)
  14 jumping spiders
  A meliai zombie (D:11)
  9 spriggans
  2 shadows
  83 yaks
  Sigmund (D:3)
  A wraith (D:11)
  2 small abominations (Abyss:2)
  8 culicivoras
  A vampire (D:14)
  11 wyverns
  7 basilisks
  3 humans (Bailey)
  A chaos spawn (Abyss:2)
  3 fire elementals
  3 steam dragons
  41 redbacks
  4 hogs (Swamp:4)
  A neqoxec (Abyss:2)
  2 wargs
  10 vampire mosquitoes
  11 swamp worms
  8 acid dragons
  18 water moccasins
  2 swamp drakes
  15 orc warriors
  A sky beast (D:8)
  2 black bears
  7 ogres
  28 wolves
  9 centaurs
  2 phantoms (D:7)
  4 kobold brigands
  A gnoll sergeant (D:5)
  4 scorpions
  32 bullfrogs
  4 water moccasin zombies
  A water moccasin skeleton (D:5)
  8 wights
  2 vampire bats (D:6)
  3 howler monkeys
  A crimson imp (D:12)
  9 starcursed masses (Abyss:2)
  3 hounds (D:6)
  9 centaur zombies
  A centaur skeleton (D:5)
  2 gnoll shamans
  18 orc priests
  A bullfrog skeleton (D:5)
  An iron imp (Abyss:2)
  2 jellies
  3 iguanas
  2 scorpion zombies (D:5)
  25 orc wizards
  2 killer bee zombies (D:7)
  A hound skeleton (D:5)
  23 gnolls
  9 adders
  A white imp (D:7)
  An adder skeleton (D:4)
  4 worms
  2 dart slugs (D:3)
  51 orcs
  7 bats
  12 endoplasms
  5 giant cockroaches
  9 goblins
  8 hobgoblins
  41 kobolds
  3 quokkas
  5 ball pythons
  3 frilled lizards
  2 rats
  A bush (Lair:4)
  A starspawn tentacle (Abyss:2)
975 creatures vanquished.

Vanquished Creatures (others)
  A swamp dragon (Swamp:3)
  A spriggan druid (Swamp:2)
  A wizard (D:12)
  5 bloated husks
  3 swamp worms
  A kobold (D:8)
  22 foxfires
  28 fungi
  73 plants
  A starspawn tentacle (Abyss:2)
136 creatures vanquished.

Grand Total: 1111 creatures vanquished

Notes
Turn   | Place    | Note
-------+----------+-------------------------------------------
     0 | D:1      | cbfl8 the Minotaur Berserker began the quest for the Orb.
     0 | D:1      | Reached XP level 1. HP: 19/19 MP: 0/0
   410 | D:1      | Reached XP level 2. HP: 23/27 MP: 1/1
   568 | D:2      | Reached skill level 4 in Axes
  1316 | D:2      | Reached XP level 3. HP: 29/33 MP: 2/2
  1330 | D:2      | Reached ** piety under Trog
  1522 | D:2      | Found a faded altar of an unknown god.
  1661 | D:3      | Found Dehag's Jewellery Shop.
  1697 | D:3      | Reached skill level 1 in Evocations
  1697 | D:3      | Reached XP level 4. HP: 37/40 MP: 3/3
  1820 | D:3      | Reached skill level 1 in Shields
  1888 | D:3      | Found a burning altar of Makhleb.
  1890 | D:3      | Noticed an Executioner
  1896 | D:3      | Noticed a smoke demon
  1896 | D:3      | Noticed a neqoxec
  2037 | D:3      | Noticed Sigmund
  2052 | D:3      | Killed Sigmund
  2053 | D:3      | Reached skill level 5 in Axes
  2053 | D:3      | Reached XP level 5. HP: 44/47 MP: 4/4
  2053 | D:3      | Reached XP level 6. HP: 50/53 MP: 5/5
  3013 | D:4      | Found a stormy altar of Qazlal.
  3022 | D:4      | Found a blossoming altar of Fedhas.
  3217 | D:4      | Reached skill level 6 in Axes
  3318 | D:5      | Entered Level 5 of the Dungeon
  3385 | D:5      | Reached *** piety under Trog
  3386 | D:5      | Reached skill level 5 in Fighting
  3386 | D:5      | Reached XP level 7. HP: 58/61 MP: 6/6
  3449 | D:5      | Reached skill level 7 in Axes
  3479 | D:5      | Found a staircase to the Ecumenical Temple.
  3527 | D:5      | Noticed Grinder
  3568 | D:5      | Killed Grinder
  3569 | D:5      | Reached skill level 5 in Armour
  3615 | D:5      | Reached skill level 1 in Unarmed Combat
  3691 | D:5      | Reached XP level 8. HP: 50/70 MP: 7/7
  3746 | D:5      | Reached skill level 8 in Axes
  4507 | D:6      | Reached skill level 9 in Axes
  4693 | D:6      | Reached XP level 9. HP: 78/78 MP: 8/8
  4925 | D:6      | Found a sparkling altar of Nemelex Xobeh.
  5186 | D:7      | Found a hide-covered altar of Uskayaw.
  5235 | D:7      | Reached **** piety under Trog
  5253 | D:7      | Reached skill level 5 in Evocations
  5352 | D:7      | Reached skill level 10 in Axes
  5458 | D:7      | Reached skill level 5 in Shields
  6390 | D:8      | Noticed Maggie
  6408 | D:8      | Killed Maggie
  6409 | D:8      | Reached XP level 10. HP: 88/88 MP: 9/9
  6621 | D:8      | Reached skill level 11 in Axes
  6928 | D:8      | Found a staircase to the Lair.
  7415 | D:8      | Found a shimmering altar of Xom.
  7421 | D:8      | Found a bloodstained altar of Trog.
  7426 | D:8      | Found a sacrificial altar of Ru.
  7717 | D:9      | Noticed Erolcha
  7729 | D:9      | Killed Erolcha
  7922 | D:9      | Noticed a manticore
  7934 | D:9      | Killed a manticore
  8572 | D:9      | Found a shadowy altar of Dithmenos.
  8585 | D:9      | Reached skill level 12 in Axes
  8738 | D:9      | Found Nohei's CLEARANCE SALE!.
  9332 | D:10     | Entered Level 10 of the Dungeon
  9446 | D:10     | Reached XP level 11. HP: 59/95 MP: 10/10
  9541 | D:10     | Found a staircase to the Orcish Mines.
  9612 | D:10     | Reached ***** piety under Trog
  9613 | D:10     | Reached skill level 13 in Axes
  9820 | D:10     | Found a flagged portal.
  9838 | Bailey   | Entered a bailey
 10164 | Bailey   | Noticed a vault guard
 10176 | Bailey   | Killed a vault guard
 10304 | Bailey   | Noticed a vault guard
 10304 | Bailey   | Noticed Prince Ribbit
 10312 | Bailey   | Killed Prince Ribbit
 10316 | Bailey   | Killed a vault guard
 10438 | D:10     | Found an iron altar of Okawaru.
 10441 | D:10     | Found a glowing golden altar of the Shining One.
 10444 | D:10     | Found an opulent altar of Gozag.
 10447 | D:10     | Found a broken altar of Ashenzari.
 10575 | D:11     | Noticed a two-headed ogre
 10575 | D:11     | Noticed a white ugly thing
 10584 | D:11     | Killed a white ugly thing
 10587 | D:11     | Killed a two-headed ogre
 10641 | D:11     | Reached skill level 14 in Axes
 10783 | D:11     | Noticed a wizard
 10792 | D:11     | Killed a wizard
 11186 | D:11     | Reached skill level 10 in Fighting
 11621 | D:11     | Found Luoxkisk's Book Boutique.
 11730 | D:12     | Reached XP level 12. HP: 50/106 MP: 11/11
 11945 | D:12     | Noticed a two-headed ogre
 12495 | D:12     | HP: 5/106 [wizard/fireball (13)]
 12497 | D:12     | Gained mutation: You are agile. (Dex +2) [potion of
                  | mutation]
 12497 | D:12     | Gained mutation: You are partially covered in iridescent
                  | scales. (AC +2) [potion of mutation]
 12838 | D:12     | Found Jonk's Weapon Boutique.
 13415 | D:12     | Reached skill level 10 in Armour
 13540 | D:12     | Killed a two-headed ogre
 13816 | D:12     | Noticed a centaur warrior
 13825 | D:12     | Killed a centaur warrior
 14733 | D:13     | Found a frozen archway.
 14749 | D:13     | Identified the +0 ring mail "Eniud" {-Cast *Corrode Regen+
                  | Str+4}
 14758 | D:13     | Reached skill level 15 in Axes
 14759 | IceCv    | Entered an ice cave
 14855 | IceCv    | Noticed a death yak
 14855 | IceCv    | Noticed a death yak
 14869 | IceCv    | Killed a death yak
 14871 | IceCv    | Killed a death yak
 14934 | IceCv    | Noticed a death yak
 14944 | IceCv    | Killed a death yak
 15180 | IceCv    | Noticed a death yak
 15195 | IceCv    | Killed a death yak
 15208 | IceCv    | Reached skill level 10 in Shields
 16094 | IceCv    | Noticed a death yak
 16108 | IceCv    | Killed a death yak
 16109 | IceCv    | Reached XP level 13. HP: 111/116 MP: 12/12
 16507 | IceCv    | Noticed a frost giant
 16520 | IceCv    | Reached skill level 16 in Axes
 16530 | IceCv    | Killed a frost giant
 18040 | D:13     | Found a gate to the Vaults.
 18102 | D:13     | Identified a scroll of acquirement
 18103 | D:13     | Acquired the +10 war axe "Death Rattle" {speed, +Blink
                  | Int+2}
 18129 | D:14     | Reached skill level 10 in Evocations
 18179 | D:14     | Found a portal to a secret trove of treasure.
 18853 | D:14     | Identified the +1 buckler of Rumyzek {Str+2}
 18903 | D:14     | Received a gift from Trog
 19023 | D:14     | Reached skill level 17 in Axes
 19321 | D:14     | Reached XP level 14. HP: 111/126 MP: 13/13
 19374 | D:14     | Cast into level 2 of the Abyss (a wizard)
 19376 | Abyss:2  | Found a corrupted altar of Lugonu.
 19463 | Abyss:2  | Noticed a bone dragon
 19522 | Abyss:2  | Noticed a starcursed mass
 19541 | Abyss:2  | Noticed a lich
 19541 | Abyss:2  | Noticed an angel
 19544 | Abyss:2  | Noticed a tentacled starspawn
 19555 | Abyss:2  | Killed a lich
 19567 | Abyss:2  | Killed an angel
 19709 | D:14     | Escaped the Abyss
 20135 | D:15     | Entered Level 15 of the Dungeon
 21068 | D:15     | Found a staircase to the Depths.
 21248 | D:15     | Found Noadaeps's Neck Hole.
 21524 | Lair:1   | Entered Level 1 of the Lair of Beasts
 22916 | Lair:2   | Found a staircase to the Swamp.
 22948 | Lair:2   | Found a transporter.
 22956 | Lair:2   | Noticed tkbsonic5's ghost (journeyman DjFE)
 23024 | Lair:2   | Found a bloodstained altar of Trog.
 23032 | Lair:2   | Found a transporter.
 23146 | Lair:2   | Noticed Urug
 23156 | Lair:2   | Killed Urug
 23509 | Lair:2   | Reached skill level 18 in Axes
 24823 | Lair:3   | Found a hole to the Spider Nest.
 25498 | Lair:4   | Reached XP level 15. HP: 136/136 MP: 14/14
 25540 | Lair:4   | Received a gift from Trog
 26067 | Lair:5   | Noticed Snorg
 26083 | Lair:5   | Killed Snorg
 26265 | Lair:5   | Acquired a +4 ring of slaying
 26275 | Lair:5   | Found a viscous altar of Jiyva.
 26276 | Lair:5   | Found a staircase to the Slime Pits.
 26858 | Lair:5   | Reached skill level 1 in Throwing
 27069 | Lair:6   | Entered Level 6 of the Lair of Beasts
 27433 | Lair:6   | Reached ****** piety under Trog
 27730 | Lair:6   | Received a gift from Trog
 28282 | Lair:6   | Identified the +6 hand axe "Fexig" {vorpal, rElec rF- rN+
                  | Will+}
 28699 | Swamp:1  | Entered Level 1 of the Swamp
 29135 | Orc:1    | Entered Level 1 of the Orcish Mines
 29318 | Orc:2    | Entered Level 2 of the Orcish Mines
 29318 | Orc:2    | Found Qeesym's Armour Emporium.
 29319 | Orc:2    | Noticed Maurice
 29320 | Orc:2    | Found a staircase to the Elven Halls.
 29337 | Orc:2    | Killed Maurice
 29537 | Orc:1    | Identified the +5 broad axe of Trog's Esteem {flame, *Slow
                  | Str+3 Stlth+} (Trog gifted it to you on level 1 of the
                  | Orcish Mines)
 29537 | Orc:1    | Received a gift from Trog
 29562 | Orc:1    | Noticed Jorgrun
 29583 | Orc:1    | Killed Jorgrun
 29999 | Orc:2    | Noticed Rupert
 30462 | Orc:2    | Killed Rupert
 31192 | Orc:2    | Found Buddesee's Jewellery Shoppe.
 31192 | Orc:2    | Found Ekuh's Armour Shop.
 31194 | Orc:2    | Found Kuj Tob's Jewellery Shoppe.
 31194 | Orc:2    | Found Riliuch's Jewellery Shop.
 31204 | Orc:2    | Bought the -2 hat of the Alchemist {rElec rPois rF+ rC+ rN+
                  | Will+ rMut rCorr} for 708 gold pieces
 31204 | Orc:2    | Found the -2 hat of the Alchemist {rElec rPois rF+ rC+ rN+
                  | Will+ rMut rCorr}
 31511 | Swamp:1  | Received a gift from Trog
 32484 | Swamp:1  | Reached XP level 16. HP: 139/147 MP: 15/15
 34434 | Swamp:3  | Reached skill level 15 in Fighting
 34434 | Swamp:3  | Reached skill level 15 in Shields
 34439 | Swamp:3  | Reached skill level 15 in Armour
 34755 | Swamp:3  | Reached skill level 5 in Throwing
 34851 | Swamp:4  | Entered Level 4 of the Swamp
 35112 | Swamp:4  | Noticed Kirke
 35126 | Swamp:4  | Killed Kirke
 35146 | Swamp:4  | HP: 6/149 [four-headed hydra (5)]
 35171 | Swamp:4  | Received a gift from Trog
 35720 | Spider:1 | Entered Level 1 of the Spider Nest
 36332 | Spider:1 | Received a gift from Trog
 37062 | Spider:1 | Noticed an acid blob
 37068 | Spider:1 | Killed an acid blob
 37217 | Spider:1 | Noticed Agnes
 37225 | Spider:1 | Killed Agnes
 37631 | Spider:2 | Reached XP level 17. HP: 143/158 MP: 16/16
 38508 | Spider:3 | Received a gift from Trog
 39160 | Spider:4 | Entered Level 4 of the Spider Nest
 41594 | Spider:3 | HP: 11/238 [something (3)]
 41596 | Spider:3 | HP: 1/238 [something (11)]
 41596 | Spider:3 | Slain by a ghost moth

Illustrated notes

Levels and vault maps discovered:
D:1:      minmay_arrival_split_and_join, layout_basic
D:2:      layout_rooms, dreamdust_ecumenical_altar_angels_and_demons
D:3:      layout_basic, makhleb_altar_promises_db, serial_shops,
          nicolae_shop_hallway_stairs, st_stairs_10, uniq_sigmund
D:4:      layout_basic, grunt_temple_overflow_forces_of_nature
D:5:      layout_rooms, minmay_temple_entry_junction, serial_undead,
          serial_undead_a, serial_undead_c, serial_undead_e, serial_undead_b,
          grunt_decor_arrowhead, kennysheep_generic_room_9, uniq_grinder
D:6:      layout_cave_pods, nemelex_dance_club_becter, roderic_batcave
D:7:      layout_loops_ring, nicolae_uskayaw_dance_hall, minmay_manual_monolith
D:8:      kennysheep_kobold_camp, layout_basic,
          minmay_overflow_temple_star_quad, erik_lair_dragon, uniq_maggie
D:9:      layout_irregular_city, grunt_dithmenos_smoke, nicolae_shop_clearance,
          uniq_erolcha
D:10:     layout_rooms, grunt_temple_overflow_cloverleaf, orc_0_dummy,
          enter_bailey_7
D:11:     layout_grid_maze, serial_shops, kennysheep_mini
D:12:     layout_stronghold, serial_shops, nicolae_shop_bloodbath_and_beyond,
          chequers_mini_garden, lightli_wizard_tower
D:13:     layout_small_grid, david_vaults_5, portal_ice_cave_entry_pillars_1
D:14:     cheibrodos_lost_city_excavation, layout_long_grid,
          nicolae_trove_entry_columns, dk_noncrumbling_3
D:15:     grunt_enter_depths_hoard, layout_rooms, hex_tiny,
          nicolae_shop_sticking_my_neck_out
Lair:1:   dpeg_oklob_gauntlet, layout_misc_corridors
Lair:2:   layout_cave_pods, swamp_mist, gammafunk_ghost_wrathful_warriors,
          beast_lair_carwin_4, uniq_urug
Lair:3:   layout_hall_layers, nicolae_spider_entry_non_spiders
Lair:4:   layout_misc_corridors, worms_lemuel
Lair:5:   layout_cave_pods, slime_altar_1, uniq_snorg
Lair:6:   gammafunk_lair_ancient_temple, layout_cellular_growth,
          minmay_lair_drake_nest
Swamp:1:  layout_falls_marsh, evilmike_swamp_ruin_house_2,
          infiniplex_staircase_pool
Swamp:2:  layout_basic_swamp, nicolae_swamp_long_stream, swamp_pool4
Swamp:3:  layout_falls_marsh, evilmike_swamp_ruin_house_5, swamp_pool2
Swamp:4:  swamp_alternative, layout_basic_swamp, uniq_kirke, uniq_roxanne
Spider:1: layout_spider_delve, nicolae_spider_acid_house, uniq_agnes
Spider:2: layout_spider_delve
Spider:3: layout_cave_pods
Spider:4: hellmonk_spider_rune_bug_friends
Orc:1:    layout_caves, uniq_jorgrun
Orc:2:    grunt_orc_tribal_feast, layout_caves, serial_shops,
          nicolae_shop_hallway_stairs, basic_altar, uniq_rupert, uniq_maurice

Skill      XL: |  1  2  3  4  5  6  7  8  9 10 11 12 13 14 15 16 17 |
---------------+----------------------------------------------------+-----
Axes           | 4 5 6 7 9 10 12 14 15 17 18 | 18.3
Fighting       | 4 5 6 7 8 10 11 12 13 14 15 16 | 16.4
Armour         | 3 4 5 6 7 8 9 11 12 13 14 16 | 16.7
Evocations     | 1 2 3 4 5 6 8 9 10 11 12 13 | 13.1
Shields        | 1 2 3 5 6 8 10 11 12 14 16 17 | 17.3
Unarmed Combat | 1 2 |  2.3
Throwing       | 4 6 7 |  7.2
Dodging        | |  2.1

Action                   |  1- 3 |  4- 6 |  7- 9 | 10-12 | 13-15 | 16-18 || total
-------------------------+-------+-------+-------+-------+-------+-------++-------
Melee: Hand axe          |    67 |   122 |   339 |       |       |       ||   528
       Headbutt          |     9 |    21 |    92 |   105 |   254 |   162 ||   643
       Unarmed           |       |       |    25 |       |       |       ||    25
       War axe           |       |       |    62 |     5 |   411 |       ||   478
       Broad axe         |       |       |       |   453 |   655 |   627 ||  1735
Invok: Berserk           |       |     1 |     5 |     8 |     9 |     8 ||    31
       Trog's Hand       |       |       |     1 |     2 |     6 |     1 ||    10
 Abil: Evoke Blink       |       |       |       |       |     1 |       ||     1
Evoke: Wand              |       |       |     4 |     2 |    15 |    10 ||    31
       Piece from Xom's  |       |       |       |       |     2 |       ||     2
  Use: Scroll            |       |     3 |     1 |     7 |    29 |     4 ||    44
       Potion            |       |       |       |     5 |     3 |     9 ||    17
 Stab: Paralysed         |       |       |    23 |       |     3 |     7 ||    33
Armor: Scale mail        |    31 |    45 |    78 |       |       |       ||   154
       Chain mail        |       |       |    69 |       |       |       ||    69
       Plate armour      |       |       |    27 |   211 |   127 |       ||   365
       Storm dragon scal |       |       |       |       |   158 |   402 ||   560
Dodge: Dodged            |    28 |    48 |   118 |    87 |   164 |   196 ||   641
Block: Buckler           |     9 |    20 |    34 |       |   108 |       ||   171
       Kite shield       |       |       |   140 |   422 |   627 |   781 ||  1970
       Reflection        |       |       |       |    19 |    32 |     8 ||    59
